 Dungeon Crawl Stone Soup version 0.32-a0-799-g95e1662365 (webtiles) character file.

Game seed: 11605613969843733645

67 backslashecho the Insei (level 3, -2/28 HPs)
             Began as a Demigod Shapeshifter on Mar 22, 2024.
             Shot with an arrow by a centaur (4 damage)
             ... on level 3 of the Dungeon.
             The game lasted 00:03:06 (2184 turns).

backslashecho the Insei (Demigod Shapeshifter)      Turns: 2184, Time: 00:03:06

Health: -2/28      AC:  2    Str: 15    XL:     3   Next: 72%
Magic:  5/5        EV: 12    Int: 12    God:
Gold:   93         SH:  0    Dex: 17    Spells: 2/2 levels left

rFire   . .          .
                       - Unarmed
rCold   . . .        (no shield)
rNeg    . . .        a - +0 animal skin
rPois   .            (helmet currently unavailable)
rElec   .            (cloak currently unavailable)
rCorr   .            (gloves currently unavailable)
SInv    .            (boots currently unavailable)
Will    .....        (no amulet)
Stlth   ++           (no ring)
HPRegen 0.24/turn    (no ring)
MPRegen 0.09/turn

%: no passive effects
@: beast-form
A: beast (slay +1), high MP 1, forlorn, divine attributes
a: Begin Untransformation


You were on level 3 of the Dungeon.
You were a hulking beast.
You visited 1 branch of the dungeon, and saw 3 of its levels.

You collected 93 gold pieces.

Inventory:

Armour
 a - a +0 animal skin (worn)
Jewellery
 f - a +4 ring of protection
 k - an amulet of the acrobat
Talismans
 c - a beast talisman (active)
 d - a flux talisman
Scrolls
 e - 3 scrolls of enchant armour {unknown}
 h - 2 scrolls of revelation {unknown}
 i - a scroll of identify {unknown}
Potions
 b - 2 potions of lignification
 g - a potion of heal wounds {unknown}
 j - a potion of ambrosia {unknown}


   Skills:
 + Level 1.5 Fighting
 + Level 2.4 Dodging
 * Level 3.4 Unarmed Combat
 + Level 3.0 Shapeshifting


You had 2 spell levels left.
You didn't know any spells.
Your spell library contained the following spells:

 Spells                   Type           Power      Damage    Failure   Level
 Ensorcelled Hibernation  Hex/Ice        0%         N/A       45%         2
 Fugue of the Fallen      Necr           0%         N/A       69%         3
 Anguish                  Hex/Necr       0%         N/A       97%         4


Dungeon Overview and Level Annotations

Branches:
Dungeon (3/15)

Shops:
D:1 ?

Annotations:
D:3 Robin


Innate Abilities, Weirdness & Mutations

You are a hulking beast.
Your limbs bulge with bestial killing power. (Slay +1)
You have an increased reservoir of magic. (+10% MP)
You shall have no god before yourself.
Your divine heritage dramatically boosts your attributes as you level up.


Message History

You hit the ribbon worm. You punch the ribbon worm.
The ribbon worm is moderately wounded.
You hit the ribbon worm.
The ribbon worm is heavily wounded.
The ribbon worm bites you.
You take 5 damage, and have 22/28 hp.
You hit the ribbon worm.
The ribbon worm is severely wounded.
The ribbon worm expels a string of sticky webbing.
The stream of webbing misses you.
You barely miss the ribbon worm.
The ribbon worm is heavily wounded.
The ribbon worm misses you.
You hit the ribbon worm.
The ribbon worm is severely wounded.
The ribbon worm bites you but does no damage.
You hit the ribbon worm.
The ribbon worm is severely wounded.
You barely miss the ribbon worm.
The ribbon worm is severely wounded.
The ribbon worm expels a string of sticky webbing.
The stream of webbing hits you but does no damage.
You are caught in a web!
The ribbon worm bites you.
You take 3 damage, and have 20/28 hp.
You hit the ribbon worm.
The ribbon worm is severely wounded.
The ribbon worm closely misses you.
You barely miss the ribbon worm.
The ribbon worm is heavily wounded.
You hit the ribbon worm.
The ribbon worm is severely wounded.
The ribbon worm bites you.
You take 3 damage, and have 17/28 hp.
You barely miss the ribbon worm.
The ribbon worm is severely wounded.
The ribbon worm closely misses you.
You hit the ribbon worm.
The ribbon worm is almost dead.
The ribbon worm bites you!
You take 6 damage, and have 11/28 hp.
MASSIVE DAMAGE!!
You hit the ribbon worm.
You kill the ribbon worm!
You see here a ribbon worm corpse.
There is a stone staircase leading up here.
HP restored.
A ball python comes into view.
The ball python hisses angrily.
Health restored: 28 You hit the ball python.
The ball python is moderately wounded.
The ball python closely misses you. The ball python barely misses you.
You hit the ball python.
You kill the ball python!
Found a leather armour. 2 goblins come into view.
The goblin shouts!
You hear a shout!
The goblin unwields a +0 club.
The goblin wields a +0 sling.
The goblin shoots a sling bullet.
The sling bullet hits you.
You take 1 damage, and have 27/28 hp.
A ball python comes into view.
Robin throws the goblin at you!
The goblin unwields a +0 sling.
The goblin wields a +0 club.
The goblin misses you.
Health restored: 28 You hit the goblin.
The goblin is moderately wounded.
The goblin hits you with a +0 club. The goblin barely misses you.
You take 4 damage, and have 24/28 hp.
The goblin unwields a +0 club.
The goblin wields a +0 sling.
The goblin shoots a sling bullet.
The sling bullet hits you. The goblin attacks as it pursues you!
The goblin hits you with a +0 dagger.
You take 5 damage, and have 19/28 hp.
The goblin shoots a sling bullet.
The sling bullet hits you but does no damage.
The goblin attacks as it pursues you! The goblin closely misses you.
The goblin shoots a sling bullet.
The sling bullet hits you.
The goblin shoots a sling bullet.
The sling bullet hits you. The goblin attacks as it pursues you!
The goblin closely misses you.
You hear a shout!
You hear an angry hiss.
You take 3 damage, and have 16/28 hp.
You hit the goblin.
The goblin is moderately wounded.
You hit the goblin.
You kill the goblin!
You hit the goblin.
You kill the goblin!
The goblin shoots a sling bullet.
The sling bullet hits you.
Robin roars a battlecry!
The goblin goes into a battle-frenzy!
You take 3 damage, and have 14/28 hp.
Okay, then.
The goblin shoots a sling bullet.
The sling bullet misses you. Robin throws the goblin at you!
The centaur unwields a +0 spear of venom.
It stops dripping with poison.
The centaur wields a +1 orcbow of flaming.
It bursts into flame!
The centaur shoots an arrow.
The arrow hits you!
* * * LOW HITPOINT WARNING * * *
The arrow burns you.
You die...

#........####.#....#.#
#)...#
########.......###.#g#
#)#### ##........#...#
#<# #........##### ###
#........# #####.รท###
#..# #..# ###hg#
#....# #.#.## ###.#)#
#...#.######
#...g.c....#
#..........#
###..........#
#.....########


You could see a centaur, Robin and a goblin (strong).

Vanquished Creatures
  3 dart slugs
  A ribbon worm (D:3)
  10 ball pythons
  2 bats (D:2)
  3 endoplasms
  10 goblins
  4 hobgoblins
  2 jackals (D:2)
  4 quokkas
  5 frilled lizards
  7 kobolds
  4 rats
55 creatures vanquished.

Notes
Turn   | Place    | Note
-------+----------+-------------------------------------------
     0 | D:1      | backslashecho the Demigod Shapeshifter began the quest for
                  | the Orb.
     0 | D:1      | Reached XP level 1. HP: 15/15 MP: 3/3
    24 | D:1      | Reached skill level 1 in Fighting
    42 | D:1      | Found Vamewu's Magic Scroll Shoppe.
   278 | D:1      | Reached XP level 2. HP: 23/23 MP: 4/4
  1034 | D:2      | Reached XP level 3. HP: 26/28 MP: 5/5
  1516 | D:3      | Noticed a centaur
  1625 | D:3      | Noticed Robin
  2184 | D:3      | Shot with an arrow by a centaur

Illustrated notes

Levels and vault maps discovered:
D:1:      minmay_arrival_plants_in_alcoves, layout_loops_ring, serial_shops,
          shop, chequers_serial_rivers_micro_c, minmay_misc_feat_five,
          grunt_decor_cap, hangedman_abyss_or_decor_stabs
D:2:      layout_loops_ring, minmay_misc_feat_tiny
D:3:      layout_basic, gammafunk_ghost_smash, serial_shops,
          nicolae_shop_pleasant_corner_grove, uniq_robin

Skill      XL: |  1  2  3 |
---------------+----------+-----
Fighting       | 1 |  1.5
Dodging        | 2 |  2.4
Unarmed Combat | 3 |  3.4
Shapeshifting  | 3 |  3.0

Action                     || total
---------------------------++-------
  Melee: Unarmed           ||   171
         Punch             ||     5
   Stab: Sleeping          ||     7
 Armour: Animal skin       ||   107
  Dodge: Dodged            ||   105

Table legend: (Time is in decaauts)
 A = Elapsed time spent in this place.
 B = Non-inter-level travel time spent in this place.
 C = Inter-level travel time spent in this place.
 D = Time resting spent in this place.
 E = Time spent auto-exploring this place.
 F = Levels seen in this place.
 G = Mean time per level.
                   A        B        C        D        E       F      G
               +--------+--------+--------+--------+--------+-----+--------+
         Total |   2178 |   2089 |     89 |     87 |   1503 |   3 |  726.0 |
       Dungeon |   2178 |   2089 |     89 |     87 |   1503 |   3 |  726.0 |
               +--------+--------+--------+--------+--------+-----+--------+

Top non-repeatable levels by time:
     D:2: 960 daAuts
     D:1: 793 daAuts
     D:3: 424 daAuts
